 Dungeon Crawl Stone Soup version 0.21-a0-210-gbfa5647 (webtiles) character file.

10903 seren the Arsonist (level 11, 0/97 HPs)
             Began as a Green Draconian Fire Elementalist on Aug 21, 2017.
             Was a Believer of Vehumet.
             Succumbed to a spiny frog's poison
             ... on level 8 of the Dungeon.
             The game lasted 01:22:08 (16571 turns).

seren the Arsonist (DrFE)                          Turns: 16571, Time: 01:22:08

Health: 0/97       AC:  9    Str: 10      XL:     11   Next: 42%
Magic:  21/21      EV: 14    Int: 20      God:    Vehumet [**....]
Gold:   825        SH:  0    Dex: 13 (14) Spells: 7/24 levels left

rFire    . . .     SeeInvis .   a - +2 dagger (venom)
rCold    . . .     Gourm    .   (no shield)
rNeg     . . .     Faith    +   (armour unavailable)
rPois    +         Spirit   .   (helmet restricted)
rElec    .         Reflect  .   (no cloak)
rCorr    +         Harm     .   p - +0 pair of gloves
MR       .....                  d - +0 pair of boots
Stlth    +++.......             i - amulet of faith
HPRegen  0.26/turn              j - +3 ring of dexterity
MPRegen  0.17/turn              Q - ring of resist corrosion

@: lethally poisoned (0 -> -18)
A: breathe noxious fumes, unfitting armour, poison resistance, cold-blooded, AC
+7
a: Breathe Noxious Fumes, Renounce Religion


You were on level 8 of the Dungeon.
You worshipped Vehumet.
Vehumet was pleased with you.
You were not hungry.

You visited 3 branches of the dungeon, and saw 13 of its levels.

You collected 825 gold pieces.

Inventory:

Hand Weapons
 a - a +2 dagger of venom (weapon)
 b - a +0 hunting sling
 e - a +1 short sword of speed
 l - a +0 whip
 E - a +2 dagger of freezing
 K - a +0 rapier
 O - the +0 short sword "Tixtutos" {pierce, rElec rC- Int+4 SInv}
   (You found it on level 10 of the Dungeon)

   It inflicts extra damage upon your enemies.
   It affects your intelligence (+4).
   It makes you vulnerable to cold.
   It insulates you from electricity.
   It lets you see invisible.
 P - a +0 dagger of holy wrath
Missiles
 t - 24 sling bullets
 C - 319 stones (quivered)
Armour
 d - a +0 pair of boots (worn)
 p - a +0 pair of gloves (worn)
Jewellery
 i - an amulet of faith (around neck)
 j - a +3 ring of dexterity (left hand)
 y - an uncursed amulet of rage
 Q - a ring of resist corrosion (right hand)
Wands
 w - a wand of random effects (28/48)
 D - a wand of random effects (32/48)
Scrolls
 h - 3 scrolls of remove curse
 n - 2 scrolls of recharging
 q - a scroll of fog
 r - a scroll of immolation
 v - a scroll of teleportation {!r}
 H - a scroll of vulnerability {unknown}
 M - a scroll of identify
 N - a scroll of summoning {unknown}
Potions
 k - 2 potions of brilliance
 o - a potion of might
 u - 4 potions of curing
 x - 3 potions of haste
 B - a potion of heal wounds
 I - 3 potions of agility
 L - a potion of lignification
Books
 f - a book of Flames

   Spells                             Type                      Level
   a - Flame Tongue                   Conjuration/Fire             1
   b - Throw Flame                    Conjuration/Fire             2
   c - Conjure Flame                  Conjuration/Fire             3
   d - Inner Flame                    Hexes/Fire                   3
   e - Sticky Flame                   Conjuration/Fire             4
   f - Fireball                       Conjuration/Fire             5
 m - a book of Maledictions

   Spells                             Type                      Level
   a - Corona                         Hexes                        1
   b - Ensorcelled Hibernation        Hexes/Ice                    2
   c - Confuse                        Hexes                        3
   d - Tukima's Dance                 Hexes                        3
   e - Dazzling Spray                 Conjuration/Hexes            3
 J - a book of Changes

   Spells                             Type                      Level
   a - Beastly Appendage              Transmutation                1
   b - Sticks to Snakes               Transmutation                2
   c - Spider Form                    Transmutation/Poison         3
   d - Ice Form                       Ice/Transmutation            4
   e - Blade Hands                    Transmutation                5
Comestibles
 c - 6 royal jellies
 g - 2 fruits
 z - 5 meat rations
 A - 6 bread rations


   Skills:
 + Level 9.0 Fighting
 - Level 4.0 Dodging
 - Level 4.0 Stealth
 * Level 7.2 Spellcasting
 + Level 9.5 Conjurations
 + Level 9.9 Fire Magic


You had 7 spell levels left.
You knew the following spells:

 Your Spells              Type           Power        Failure   Level  Hunger
a - Flame Tongue          Conj/Fire      #####        1%          1    None
b - Throw Flame           Conj/Fire      #####.       1%          2    None
c - Conjure Flame         Conj/Fire      #####...     1%          3    #......
d - Sticky Flame          Conj/Fire      #####...     1%          4    ###....
e - Searing Ray           Conj           #####.       1%          2    None
f - Fireball              Conj/Fire      #####.....   4%          5    #####..


Dungeon Overview and Level Annotations

Branches:
Dungeon (11/15)            Temple (1/1) D:6            Lair (1/6) D:8
    Orc: D:9-12

Altars:
Ashenzari
Cheibriados
Dithmenos
Elyvilon
Fedhas
Gozag
Hepliaklqana
Makhleb
Nemelex Xobeh
Okawaru
Qazlal
Ru
Sif Muna
Trog
Uskayaw
Vehumet
Wu Jian
Xom
Yredelemnul
Zin
The Shining One

Shops:
D:11 !%!

Annotations:
D:9 exclusion: statue, stickyfingers's ghost, journeyman GnAK
D:11 efreet


Innate Abilities, Weirdness & Mutations

You can breathe blasts of noxious fumes.
Your lurid green scales are hard. (AC +7)
You cannot fit into any form of body armour.
Your system is resistant to poisons. (rPois)
You are cold-blooded and may be slowed by cold attacks.


Message History

* * * LOW HITPOINT WARNING * * *
The spiny frog closely misses you. The wolf barely misses you.
The spiny frog closely misses you.
As you read the scroll labeled KECIH WYPA, it crumbles to dust.
You smell sulphur.
It was a scroll of random uselessness.
* * * LOW HITPOINT WARNING * * *
You feel very sick. The wolf closely misses you.
The spiny frog barely misses you. The spiny frog closely misses you.
The wolf bites you!
* * * LOW HITPOINT WARNING * * *
* * * LOW HITPOINT WARNING * * *
You feel sick. The spiny frog stings you!
* * * LOW HITPOINT WARNING * * *
You feel much better.
You feel sick. The wolf bites you.
* * * LOW HITPOINT WARNING * * *
The spiny frog stings you!!
* * * LOW HITPOINT WARNING * * *
The spiny frog closely misses you. The wolf bites you but does no damage.
The spiny frog barely misses you.
You die...

#########......##...
###........#.....##...
###.....####.#.....##...
##.........##............
##...........#.......##...
##....................##...
#.......FF.................
#.......h..................
#.#...P...@...#............
#.##.........##.##....###..
#.####.....####.###'#####..
#.##....................#..
#.......................#..
####....................#..
#....................#..
#....................#..
###################'####.##..####


You could see 2 spiny frogs and a wolf.

Vanquished Creatures
  Erolcha (D:9)
  Erica (D:9)
  4 two-headed ogres
  A spiny frog (Lair:1)
  Grinder (D:5)
  A hippogriff (D:9)
  2 basilisks
  A human (D:7)
  Eustachio (D:6)
  4 hogs
  A hungry ghost (D:8)
  Menkaure (D:6)
  3 wargs (D:8)
  Edmund (D:5)
  A water moccasin (Lair:1)
  A porcupine (Lair:1)
  4 ice beasts
  2 orc warriors (D:6)
  A phantom (D:7)
  A black bear (D:10)
  5 ogres
  2 sky beasts
  3 wolves
  3 centaurs
  3 big kobolds
  5 bullfrogs
  A scorpion (D:5)
  8 killer bees
  A howler monkey (D:5)
  2 electric eels (D:6)
  A centaur zombie (D:5)
  4 crimson imps
  2 quasits
  A bullfrog zombie (D:8)
  6 hounds
  3 jellies
  3 orc priests
  7 orc wizards
  Jessica (D:3)
  A bullfrog skeleton (D:9)
  An iguana (D:11)
  6 worker ants
  A killer bee zombie (D:7)
  2 hound zombies
  4 hound skeletons
  19 gnolls
  13 adders
  2 shadow imps
  3 oozes
  An adder zombie (D:6)
  2 adder skeletons
  A worm (D:3)
  A dart slug (D:2)
  6 leopard geckos
  29 orcs
  3 ball pythons
  3 bats
  2 bat zombies (D:6)
  7 giant cockroaches
  32 goblins
  24 hobgoblins
  10 jackals
  12 kobolds
  3 quokkas
  2 frilled lizards
  A leopard gecko skeleton (D:5)
  A quokka skeleton (D:4)
  9 rats
295 creatures vanquished.

Vanquished Creatures (others)
  A quokka (D:9)
1 creature vanquished.

Grand Total: 296 creatures vanquished

Notes
Turn   | Place    | Note
-------+----------+-------------------------------------------
     0 | D:1      | seren the Draconian Fire Elementalist began the quest for the Orb.
     0 | D:1      | Reached XP level 1. HP: 14/14 MP: 3/3
   291 | D:1      | Reached XP level 2. HP: 2/20 MP: 0/5
   982 | D:2      | Reached XP level 3. HP: 17/26 MP: 6/6
  1224 | D:2      | Learned a level 2 spell: Throw Flame
  1228 | D:2      | Learned a level 3 spell: Conjure Flame
  1758 | D:2      | Reached XP level 4. HP: 32/33 MP: 5/8
  2338 | D:3      | Noticed Jessica
  2341 | D:3      | Killed Jessica
  2725 | D:3      | Reached XP level 5. HP: 37/38 MP: 9/9
  2951 | D:3      | Found a glowing silver altar of Zin.
  3103 | D:3      | Learned a level 4 spell: Sticky Flame
  3210 | D:3      | Found a glowing golden altar of the Shining One.
  3624 | D:4      | Reached skill level 1 in Fighting
  3700 | D:4      | Found an ornate altar of the Wu Jian Council.
  4082 | D:4      | Noticed an ogre
  4171 | D:5      | Entered Level 5 of the Dungeon
  4183 | D:5      | Reached XP level 6. HP: 43/47 MP: 10/10
  4390 | D:5      | Noticed Edmund
  4686 | D:5      | Noticed an ice beast
  4705 | D:4      | Killed an ice beast
  4864 | D:4      | Your scales start taking on a lurid green colour.
  4864 | D:4      | Reached XP level 7. HP: 42/53 MP: 2/12
  4864 | D:4      | Gained mutation: Your system is resistant to poisons. (rPois) [Green Draconian growth]
  5000 | D:5      | Killed Edmund
  5112 | D:5      | Reached skill level 5 in Fire Magic
  5372 | D:5      | Noticed Grinder
  5688 | D:6      | Found a staircase to the Ecumenical Temple.
  5691 | Temple   | Entered the Ecumenical Temple
  5939 | D:6      | Reached skill level 5 in Conjurations
  6469 | D:6      | Reached XP level 8. HP: 62/62 MP: 13/13
  6635 | D:6      | Noticed Eustachio
  6855 | D:6      | Killed Eustachio
  7347 | D:6      | Noticed Menkaure
  7423 | D:6      | Killed Menkaure
  7430 | D:6      | Learned a level 5 spell: Fireball
  8539 | D:6      | Reached XP level 9. HP: 70/71 MP: 15/15
  8665 | D:7      | Found a sparkling altar of Nemelex Xobeh.
  8958 | D:7      | Found a blossoming altar of Fedhas.
  9319 | D:7      | Reached skill level 5 in Fighting
 10262 | D:8      | You fall through a shaft!
 10380 | D:9      | Found a radiant altar of Vehumet.
 10420 | D:9      | Found a snail-covered altar of Cheibriados.
 10535 | D:9      | Noticed Erolcha
 10617 | D:8      | Noticed a two-headed ogre
 10639 | D:8      | Killed a two-headed ogre
 10639 | D:8      | Reached skill level 5 in Spellcasting
 10639 | D:8      | Reached XP level 10. HP: 10/84 MP: 17/17
 10993 | D:8      | Found a staircase to the Lair.
 11687 | D:8      | Noticed a two-headed ogre
 11718 | D:8      | Killed a two-headed ogre
 11791 | D:8      | Noticed a two-headed ogre
 11969 | D:8      | Killed a two-headed ogre
 12226 | D:9      | Noticed stickyfingers's ghost (journeyman GnAK)
 12661 | D:9      | Became a worshipper of Vehumet
 12815 | Lair:1   | Entered Level 1 of the Lair of Beasts
 13072 | Lair:1   | Noticed a spiny frog
 13089 | Lair:1   | Killed a spiny frog
 13446 | Lair:1   | Noticed a spiny frog
 13446 | Lair:1   | Noticed a spiny frog
 13529 | D:5      | Paralysed by Grinder for 6 turns
 13541 | D:5      | Killed Grinder
 14153 | D:9      | Noticed Erica
 14176 | D:9      | Killed Erica
 14176 | D:9      | Reached XP level 11. HP: 54/95 MP: 10/20
 14385 | D:9      | Found a white marble altar of Elyvilon.
 14505 | D:10     | Entered Level 10 of the Dungeon
 14621 | D:9      | Reached * piety under Vehumet
 14621 | D:9      | Offered knowledge of Freeze by Vehumet.
 14798 | D:9      | Noticed a two-headed ogre
 14843 | D:9      | Killed Erolcha
 14982 | D:9      | Killed a two-headed ogre
 15556 | D:11     | Found Qibos's Distillery.
 15568 | D:11     | Found Ziqafeux's Food Shoppe.
 15899 | D:10     | Found an opulent altar of Gozag.
 15988 | D:10     | Got a crude short sword
 15989 | D:10     | Identified the cursed +0 short sword "Tixtutos" {pierce, rElec rC- Int+4 SInv} (You found it on level 10 of the Dungeon)
 16195 | D:11     | Reached ** piety under Vehumet
 16195 | D:11     | Offered knowledge of Searing Ray by Vehumet.
 16199 | D:11     | Learned a level 2 spell: Searing Ray
 16207 | D:11     | Found Xeirgh's Distillery.
 16569 | D:8      | HP: 2/97 [spiny frog (9)]
 16571 | D:8      | Succumbed to a spiny frog's poison

Vault maps used:
D:1:      evilmike_arrival_run_for_it, amethyst_killhole, minmay_pentomino_o2
D:3:      nicolae_tso_carved_into_rock, zin_statuary, first_bread,
          guppyfry_early_lair_pool, uniq_jessica
D:4:      lemuel_crystal_altar
D:5:      uniq_edmund, uniq_grinder
D:6:      minmay_goblin_kobold_castle, kennysheep_vampire_church,
          temple_statues, uniq_pikel, uniq_menkaure, uniq_eustachio
D:7:      nemelex_xobeh_ov_fountains_minmay, fedhas_altar_2, grunt_livestock
D:8:      erik_lair_orcish_takeover
D:9:      kennysheep_mini, elyvilon_altar_4, vehumet_statue, uniq_erolcha,
          uniq_erica
D:10:     serial_corexii_hall, corexii_hall_statues_x, corexii_hall_statues_l,
          nicolae_gozag_seed_capital
D:11:     erik_orc_1, basic_altar, serial_shops, kennysheep_little_box, shop,
          shop_fountains, shop, shop, kb_rosetta
Temple:   dshaligram_water_room_temple
Lair:1:   beast_lair_carwin_7, grunt_megastairs_1

Skill      XL: |  1  2  3  4  5  6  7  8  9 10 11 |
---------------+----------------------------------+-----
Dodging        | 2 3 4 |  4.0
Stealth        | 2 3 4 |  4.0
Conjurations   | 2 3 4 5 6 7 9 |  9.5
Spellcasting   | 3 4 5 6 7 |  7.2
Fire Magic     | 4 5 6 8 9 |  9.9
Fighting       | 1 2 4 6 8 9 |  9.0

Action                   |  1- 3 |  4- 6 |  7- 9 | 10-12 || total
-------------------------+-------+-------+-------+-------++-------
Melee: Dagger            |    71 |   163 |   409 |   192 ||   835
       Unarmed           |     5 |       |       |       ||     5
       Tailslap          |     2 |     9 |    55 |    19 ||    85
 Fire: Hunting sling     |       |       |    63 |       ||    63
 Cast: Flame Tongue      |    40 |    28 |    12 |       ||    80
       Conjure Flame     |     1 |       |     2 |     1 ||     4
       Throw Flame       |       |       |    34 |    77 ||   111
       Sticky Flame      |       |       |       |    26 ||    26
       Fireball          |       |       |       |     5 ||     5
 Abil: Breathe Noxious F |       |       |    18 |    14 ||    32
Evoke: Wand              |       |       |       |     2 ||     2
  Use: Potion            |     1 |     1 |     1 |     1 ||     4
       Scroll            |     1 |     4 |     8 |     6 ||    19
 Stab: Sleeping          |       |     2 |     2 |     3 ||     7
       Confused          |       |       |    10 |     5 ||    15
       Distracted        |       |       |     1 |     1 ||     2
  Eat: Chunk             |     3 |     7 |    19 |    17 ||    46
       Royal jelly       |       |     1 |     1 |       ||     2
       Fruit             |       |     1 |     1 |     2 ||     4
       Meat ration       |       |       |       |     1 ||     1
       Bread ration      |       |       |       |     1 ||     1
Armor: Skin              |    47 |    74 |    94 |    57 ||   272
Dodge: Dodged            |    79 |   130 |   278 |   188 ||   675

Table legend:
 A = Spawn XP
 B = Non-spawn XP
 C = Spawn XP percentage of total XP
 D = Spawn monster count
 E = Non-spawn monster count
 F = Spawn count percentage of total count
 G = Total turns spent on level
                    A         B        C        D         E        F      G
               +---------+---------+-------+---------+---------+-------+---------
         Total |    1516 |   14060 |   9.7 |      26 |     269 |   8.8 | 16571
               +---------+---------+-------+---------+---------+-------+---------
           D:1 |       8 |      38 |  17.4 |       2 |      13 |  13.3 |   936
           D:2 |       3 |      84 |   3.4 |       2 |      19 |   9.5 |  1422
           D:3 |      11 |     141 |   7.2 |       3 |      22 |  12.0 |   916
           D:4 |       0 |     414 |   0.0 |       0 |      13 |   0.0 |  1548
           D:5 |     255 |     945 |  21.2 |       4 |      27 |  12.9 |  1395
           D:6 |      52 |    1780 |   2.8 |       3 |      82 |   3.5 |  2729
           D:7 |     460 |    1272 |  26.6 |       5 |      21 |  19.2 |  1554
           D:8 |      19 |    4229 |   0.4 |       1 |      35 |   2.8 |  2455
           D:9 |      37 |    3672 |   1.0 |       1 |      14 |   6.7 |  1622
          D:10 |      49 |     639 |   7.1 |       1 |      12 |   7.7 |  1012
          D:11 |     124 |     347 |  26.3 |       2 |       7 |  22.2 |   321
        Lair:1 |     498 |     499 |  49.9 |       2 |       4 |  33.3 |   570
               +---------+---------+-------+---------+---------+-------+---------
